Map: [ESL] Cosmic Sapphire

Players

DisK

  • Race: Protoss Protoss
  • Spawn Location: 5:00

Nina - Winner!

  • Race: Protoss Protoss
  • Spawn Location: 11:00

Event: DreamHack SC2 Masters 2022 Atlanta (Online)

VOD

Have the link to the VOD?

Description

Time

  • Played on: Oct. 5, 2022, 5:28 p.m.
  • Length: 18:14

All games in this series

Show
View Real Time Build Order
Export as new Build Order

DisK Protoss 

Build Orders: Oracle Opening, Blink Stalkers 

Get SALT Encoding   

  12  0:00  Probe  
  13  0:13  Probe  
  14  0:17  Pylon  
  14  0:25  Probe  
  15  0:35  Gateway  
  15  0:37  Probe (Chrono Boost)  
  16  0:46  Probe (Chrono Boost), Assimilator  
  17  0:51  Probe  
  17  0:54  Assimilator  
  18  1:03  Probe (Chrono Boost)  
  19  1:07  Gateway  
  19  1:14  Probe (Chrono Boost)  
  20  1:19  Probe (Chrono Boost)  
  20  1:25  Cybernetics Core  
  21  1:30  Probe  
  22  1:35  Pylon  
  22  1:42  Probe  
  23  1:54  Probe  
  24  2:01  Stalker x2  
  28  2:02  Warp Gate  
  28  2:06  Probe  
  29  2:12  Pylon  
  29  2:20  Probe  
  30  2:34  Stargate  
  30  2:51  Nexus  
  30  2:58  Shield Battery  
  30  3:03  Probe  
  30  3:13  Twilight Council  
  30  3:15  Oracle (Chrono Boost)  
  33  3:21  Probe  
  34  3:27  Pylon  
  34  3:33  Probe  
  35  3:45  Probe, Blink (Chrono Boost)  
  36  3:51  Stalker  
  38  4:00  Probe (Chrono Boost)  
  38  4:01  Stalker  
  41  4:04  Probe (Chrono Boost)  
  43  4:13  Probe (Chrono Boost)  
  43  4:14  Probe (Chrono Boost)  
  44  4:20  Probe  
  44  4:22  Probe  
  46  4:27  Stalker x2  
  50  4:33  Probe  
  50  4:34  Gateway  
  50  4:38  Probe  
  52  4:41  Gateway  
  52  4:45  Pylon  
  52  4:46  Probe  
  52  4:51  Stalker  
  55  4:55  Stalker  
  55  4:57  Probe  
  55  4:59  Probe  
  59  5:16  Stalker  
  59  5:19  Pylon  
  59  5:20  Probe  
  62  5:21  Probe  
  62  5:22  Stalker  
  65  5:28  Stalker  
  65  5:32  Nexus  
  67  5:38  Stalker  
  67  5:40  Stalker  
  71  5:43  Pylon  
  71  5:50  Probe x2  
  71  5:53  Robotics Facility  
  71  6:05  Stalker x2  
  61  6:20  Stalker x2  
  61  6:21  Probe x2  
  61  6:23  Assimilator  
  65  6:36  Probe x2  
  65  6:48  Probe x2, Stalker x3  
  65  6:49  Probe  
  65  6:51  Gateway  
  65  6:54  Gateway  
  70  6:56  Gateway  
  70  7:00  Gateway, Probe (Chrono Boost)  
  71  7:01  Stalker  
  71  7:03  Probe (Chrono Boost)  
  71  7:04  Probe (Chrono Boost)  
  71  7:12  Probe (Chrono Boost)  
  71  7:14  Probe (Chrono Boost)  
  69  7:16  Probe (Chrono Boost)  
  69  7:19  Probe x2 (Chrono Boost)  
  69  7:20  Charge (Chrono Boost)  
  69  7:26  Forge  
  69  7:28  Probe (Chrono Boost)  
  71  7:30  Shield Battery, Probe (Chrono Boost)  
  71  7:33  Adept x2  
  71  7:36  Probe (Chrono Boost)  
  77  7:37  Pylon  
  77  7:38  Probe (Chrono Boost)  
  77  7:39  Probe (Chrono Boost)  
  77  7:42  Probe  
  80  7:44  Observer  
  80  7:45  Probe  
  80  7:47  Pylon  
  80  7:48  Zealot x2, Probe  
  86  7:54  Probe, Pylon  
  86  7:57  Probe  
  86  7:58  Assimilator  
  88  8:04  Zealot x4  
  96  8:18  Probe  
  95  8:26  Protoss Ground Weapons Level 1 (Chrono Boost), Zealot x8  
  109  8:32  Pylon  
  106  8:39  Nexus  
  106  8:48  Immortal (Chrono Boost)  
  110  8:49  Adept  
  110  8:50  Adept  
  110  8:51  Probe  
  110  8:52  Probe  
  116  8:57  Templar Archives  
  116  8:58  Probe  
  117  9:04  Pylon  
  106  9:20  Observer (Chrono Boost)  
  98  9:26  Probe  
  94  9:39  Zealot x8  
  94  9:40  Warp Prism  
  94  9:42  Photon Cannon  
  112  9:46  Probe x2 (Chrono Boost)  
  112  9:52  Probe (Chrono Boost)  
  115  9:55  Probe x2 (Chrono Boost)  
  115  9:57  Probe (Chrono Boost)  
  115  9:59  Probe (Chrono Boost)  
  119  10:00  Probe x2 (Chrono Boost), High Templar x4  
  119  10:03  Zealot  
  119  10:04  Archon  
  119  10:05  Archon  
  119  10:06  Zealot, Probe  
  133  10:08  Zealot  
  133  10:11  Zealot  
  133  10:12  Probe  
  133  10:14  Probe  
  139  10:17  Photon Cannon  
  135  10:25  Probe  
  136  10:30  Zealot, High Templar x2  
  136  10:31  Probe x3  
  145  10:37  Probe  
  145  10:39  Zealot  
  148  10:43  Pylon  
  148  10:44  Archon, Photon Cannon  
  148  10:54  Pylon  
  146  10:59  Protoss Ground Weapons Level 2 (Chrono Boost)  
  146  11:02  Zealot x5, Dark Shrine  
  155  11:13  Probe x2  
  155  11:16  Probe  
  158  11:18  Probe  
  158  11:24  Zealot x3  
  164  11:28  Pylon x2  
  164  11:43  Robotics Bay  
  164  11:45  Robotics Facility  
  164  11:46  Probe x3, Assimilator  
  164  11:47  Probe  
  168  11:58  Probe x2  
  170  12:03  Probe x2  
  170  12:06  Assimilator  
  170  12:07  Assimilator  
  170  12:08  Assimilator  
  172  12:11  Probe x2  
  172  12:14  Dark Templar x3  
  172  12:15  Probe x2  
  180  12:17  Pylon  
  180  12:20  Pylon  
  180  12:27  Gateway  
  180  12:28  Gateway  
  180  12:30  Pylon  
  180  12:34  Probe x2  
  180  12:39  Stalker x5  
  180  12:43  Disruptor  
  193  12:44  Observer  
  193  12:54  Zealot x3  
  193  12:55  Zealot  
  189  13:08  Stalker x3  
  189  13:21  Disruptor  
  192  13:29  Stalker x2  
  192  13:31  Pylon  
  178  13:58  Pylon  
  164  14:07  Dark Templar x7  
  130  14:16  Disruptor (Chrono Boost)  
  117  14:20  Zealot x3  
  93  14:38  Nexus, Stalker x2  
  97  14:40  Pylon x2  
  97  14:43  Pylon  
  97  14:44  Stalker x4  
  97  14:45  Stalker x3  
  111  14:46  Archon x2  
  111  14:50  Disruptor (Chrono Boost)  
  111  14:54  Observer  
  111  14:55  Probe  
  111  14:57  Pylon  
  111  14:58  Pylon  
  115  15:01  Photon Cannon  
  115  15:03  Photon Cannon  
  115  15:04  Stalker x3  
  115  15:06  Photon Cannon  
  121  15:08  Shield Battery  
  121  15:10  Observer  
  121  15:11  Shield Battery  
  121  15:16  Zealot x7  
  118  15:30  Stalker x3  
  108  15:43  Observer  
  108  15:46  Zealot x7  
  121  16:08  Dark Templar x3  
  121  16:09  Disruptor  
  130  16:13  Stalker x3  
  132  16:29  Stalker x4  
  132  16:45  Stalker x3  
  136  16:55  Stalker x2  
  140  17:05  Observer  
  140  17:21  Stalker x5  
  135  17:30  Dark Templar x2  
  115  17:58  Zealot x5  
Show
View Real Time Build Order
Export as new Build Order

Nina Protoss - Winner!

Build Orders: Phoenix Opening, Blink Stalkers 

Get SALT Encoding   

  12  0:01  Probe  
  13  0:13  Probe  
  14  0:18  Pylon  
  14  0:25  Probe  
  15  0:37  Probe (Chrono Boost)  
  15  0:38  Gateway  
  16  0:48  Probe (Chrono Boost), Assimilator  
  17  0:53  Probe (Chrono Boost)  
  17  0:56  Assimilator  
  18  1:04  Probe (Chrono Boost)  
  19  1:09  Gateway  
  19  1:13  Probe (Chrono Boost)  
  20  1:18  Probe (Chrono Boost)  
  21  1:27  Cybernetics Core  
  21  1:30  Probe  
  22  1:36  Pylon  
  22  1:42  Probe  
  23  1:54  Probe  
  24  2:03  Stalker  
  24  2:06  Sentry  
  24  2:07  Probe  
  29  2:11  Warp Gate  
  29  2:20  Pylon  
  29  2:21  Probe  
  30  2:28  Pylon  
  30  2:37  Probe  
  30  2:38  Stalker  
  30  2:39  Sentry  
  35  2:44  Phoenix  
  35  2:49  Probe  
  36  2:54  Nexus  
  36  3:05  Twilight Council  
  36  3:07  Probe  
  37  3:15  Pylon  
  37  3:19  Probe  
  38  3:30  Shield Battery  
  38  3:31  Probe (Chrono Boost)  
  39  3:36  Blink (Chrono Boost)  
  39  3:43  Probe (Chrono Boost)  
  40  3:49  Probe (Chrono Boost)  
  41  3:57  Probe  
  41  3:59  Stalker  
  41  4:02  Stalker  
  46  4:06  Probe  
  46  4:07  Phoenix  
  46  4:09  Probe  
  47  4:20  Probe (Chrono Boost)  
  47  4:21  Probe (Chrono Boost)  
  48  4:25  Stalker  
  48  4:26  Stalker  
  53  4:33  Probe (Chrono Boost)  
  53  4:36  Probe (Chrono Boost)  
  54  4:38  Probe (Chrono Boost)  
  54  4:41  Robotics Facility  
  54  4:43  Probe  
  56  4:48  Probe  
  57  4:57  Stalker x2  
  62  5:00  Probe  
  62  5:01  Nexus  
  62  5:04  Pylon  
  62  5:11  Gateway  
  62  5:16  Assimilator  
  62  5:22  Probe x2  
  62  5:23  Shield Battery  
  62  5:25  Stalker x2  
  68  5:40  Observer (Chrono Boost)  
  68  5:41  Pylon  
  69  5:44  Probe, Forge  
  69  5:45  Gateway  
  70  5:59  Probe  
  70  6:03  Stalker x2  
  69  6:09  Stalker  
  69  6:10  Probe  
  68  6:18  Protoss Ground Weapons Level 1 (Chrono Boost)  
  62  6:20  Probe  
  62  6:21  Probe  
  62  6:22  Immortal (Chrono Boost)  
  62  6:23  Probe  
  69  6:27  Adept x2  
  73  6:35  Shield Battery  
  73  6:42  Stalker x2  
  71  6:49  Stalker  
  71  6:50  Stalker  
  69  6:58  Stalker  
  69  7:00  Probe  
  69  7:10  Gateway  
  69  7:12  Probe (Chrono Boost)  
  69  7:13  Probe (Chrono Boost)  
  69  7:14  Gateway  
  69  7:15  Probe (Chrono Boost)  
  72  7:17  Stalker  
  72  7:22  Sentry  
  74  7:23  Sentry  
  74  7:27  Probe x2 (Chrono Boost)  
  74  7:29  Probe (Chrono Boost)  
  77  7:31  Probe (Chrono Boost)  
  77  7:32  Probe (Chrono Boost)  
  77  7:35  Dark Shrine  
  79  7:37  Probe  
  79  7:41  Probe  
  79  7:42  Stalker, Pylon  
  83  7:47  Gateway, Probe  
  83  7:49  Probe  
  83  7:50  Pylon  
  85  7:55  Immortal (Chrono Boost)  
  89  8:02  Probe  
  90  8:06  Stalker x2  
  90  8:08  Adept  
  90  8:11  Adept  
  95  8:14  Probe  
  95  8:17  Probe  
  95  8:19  Probe  
  95  8:26  Probe  
  96  8:28  Assimilator  
  96  8:29  Probe, Assimilator  
  96  8:30  Assimilator  
  96  8:31  Probe  
  98  8:41  Pylon  
  98  8:47  Dark Templar x2  
  102  8:50  Nexus  
  102  8:52  Photon Cannon, Pylon  
  102  8:55  Pylon  
  102  8:56  Protoss Ground Weapons Level 2 (Chrono Boost)  
  102  9:01  Probe  
  102  9:02  Probe  
  104  9:11  Dark Templar  
  104  9:14  Stalker  
  104  9:15  Adept, Probe  
  103  9:17  Stalker  
  103  9:21  Probe  
  103  9:22  Probe  
  104  9:28  Stalker x3  
  104  9:30  Probe (Chrono Boost)  
  110  9:33  Probe (Chrono Boost)  
  110  9:34  Probe (Chrono Boost)  
  110  9:42  Probe (Chrono Boost)  
  110  9:44  Robotics Bay  
  110  9:45  Probe x2 (Chrono Boost)  
  111  9:48  Photon Cannon, Probe (Chrono Boost)  
  111  9:49  Probe (Chrono Boost)  
  111  9:50  Probe (Chrono Boost)  
  114  9:57  Photon Cannon, Probe  
  115  10:01  Photon Cannon  
  116  10:07  Probe x3  
  116  10:11  Robotics Facility  
  116  10:12  Gateway  
  116  10:13  Probe  
  119  10:17  Stalker  
  119  10:18  Stalker  
  123  10:24  Stalker x2  
  125  10:31  Disruptor (Chrono Boost)  
  125  10:34  Shield Battery  
  128  10:36  Stalker  
  128  10:38  Photon Cannon  
  128  10:39  Shield Battery  
  128  10:40  Stalker  
  132  10:47  Stalker x2  
  136  10:59  Disruptor (Chrono Boost), Stalker x3  
  148  11:07  Disruptor (Chrono Boost), Photon Cannon  
  148  11:14  Pylon  
  148  11:15  Pylon  
  146  11:19  Assimilator  
  146  11:21  Pylon  
  146  11:23  Pylon  
  146  11:24  Assimilator  
  146  11:31  Disruptor, Pylon  
  149  11:33  Pylon  
  149  11:37  Stalker x3  
  153  11:41  Shield Battery, Gateway  
  153  11:43  Photon Cannon  
  151  11:47  Disruptor  
  151  11:52  Stalker x2  
  158  11:56  Protoss Ground Weapons Level 3 (Chrono Boost)  
  158  12:01  Probe (Chrono Boost)  
  158  12:05  Photon Cannon  
  158  12:07  Probe x3 (Chrono Boost)  
  162  12:09  Charge (Chrono Boost)  
  162  12:11  Probe (Chrono Boost)  
  162  12:15  Probe x3 (Chrono Boost)  
  169  12:16  Zealot x2  
  169  12:18  Disruptor (Chrono Boost)  
  173  12:24  Dark Templar x3  
  173  12:27  Dark Templar  
  181  12:32  Observer (Chrono Boost)  
  182  12:39  Stalker x2  
  182  12:40  Stalker x2  
  190  12:47  Disruptor  
  193  12:57  Stalker  
  195  13:02  Photon Cannon  
  195  13:04  Nexus, Photon Cannon  
  189  13:06  Zealot x3  
  193  13:14  Pylon  
  193  13:15  Photon Cannon  
  193  13:19  Pylon  
  193  13:21  Pylon  
  192  13:29  Photon Cannon  
  192  13:45  Pylon  
  188  13:49  Pylon  
  188  13:51  Nexus  
  188  13:53  Photon Cannon  
  188  13:54  Photon Cannon  
  186  14:00  Dark Templar  
  188  14:03  Disruptor (Chrono Boost)  
  176  14:13  Observer, Stalker x4  
  176  14:14  Stalker x4  
  156  14:30  Probe  
  144  14:31  Robotics Facility  
  144  14:32  Robotics Facility  
  144  14:33  Photon Cannon  
  144  14:38  Observer (Chrono Boost), Probe  
  146  14:39  Photon Cannon  
  146  14:40  Probe  
  146  14:41  Pylon  
  147  14:49  Pylon  
  147  14:50  Disruptor (Chrono Boost), Probe  
  151  14:54  Protoss Shields Level 1 (Chrono Boost)  
  151  14:55  Unknown  
  151  14:58  Shadow Stride  
  151  15:00  Nexus, Dark Templar x6  
  151  15:03  Pylon  
  161  15:24  Observer (Chrono Boost)  
  162  15:32  Shield Battery, Photon Cannon  
  162  15:33  Disruptor (Chrono Boost)  
  162  15:34  Observer (Chrono Boost)  
  129  15:44  Stalker x9  
  129  15:45  Disruptor  
  129  15:46  Nexus  
  129  15:48  Disruptor  
  153  15:55  Probe  
  150  15:59  Probe  
  150  16:00  Probe  
  150  16:01  Disruptor  
  155  16:08  Probe  
  156  16:19  Dark Templar x2  
  156  16:20  Dark Templar x3, Gateway  
  156  16:22  Gateway  
  166  16:27  Disruptor, Pylon  
  169  16:34  Pylon  
  166  16:41  Disruptor  
  166  16:45  Dark Templar x3  
  166  16:46  Dark Templar  
  175  16:56  Photon Cannon  
  175  16:58  Photon Cannon, Probe  
  176  17:01  Photon Cannon  
  176  17:04  Observer  
  176  17:05  Probe  
  175  17:09  Disruptor  
  175  17:12  Zealot x3  
  173  17:22  Disruptor  
  163  17:24  Zealot x8  
  163  17:29  Disruptor  
  178  17:37  Zealot x3  
  178  17:51  Zealot x8  
  184  17:59  Dark Templar x2  
Tags
 
Add a new tag
Caveats
  • Supply blocks, unpowered buildings, or Contaminate may cause inaccurate times.
  • Supply counts are checked every 10 seconds.